 Dungeon Crawl Stone Soup version 0.17-b1-25-g6d8775f (console) character file.

257 Snowclone the Poker (level 6, -6/48 HPs)
             Began as a Human Wanderer on Nov 4, 2015.
             Mangled by a warg (12 damage)
             ... on level 7 of the Dungeon on Nov 5, 2015.
             The game lasted 00:20:13 (3025 turns).

Snowclone the Poker (Human Wanderer)                Turns: 3025, Time: 00:20:14

Health: -6/48      AC:  9    Str: 12    XL:     6   Next: 39%
Magic:  6/6        EV:  9    Int: 13    God:
Gold:   238        SH:  0    Dex: 14    Spells: 0 memorised, 5 levels left

rFire  . . .     SeeInvis .     a - +3 spear
rCold  + . .     Clarity  .     m - +0 scale mail
rNeg   . . .     SustAt   .     (no shield)
rPois  .         Gourm    .     (no helmet)
rElec  .         Spirit   .     x - +0 cloak (curse)
rCorr  .         Warding  .     k - +0 pair of gloves
rMut   .         Stasis   .     (no boots)
MR     .....                    (no amulet)
Stlth  ..........               (no ring)
                                h - ring of protection from cold

@: not resistant to hostile enchantments, extremely unstealthy
A: no striking features
a: no special abilities


You were on level 7 of the Dungeon.
You were full.

You visited 1 branch of the dungeon, and saw 5 of its levels.

You collected 238 gold pieces.

Inventory:

Hand Weapons
 a - a +3 spear (weapon)
 s - a +0 halberd
Missiles
 n - 6 poisoned needles
Armour
 k - a +0 pair of gloves (worn)
 m - a +0 scale mail (worn)
 x - a cursed +0 cloak (worn)
Jewellery
 h - a ring of protection from cold (left hand)
 o - an uncursed ring of flight
Scrolls
 b - a scroll of identify
 i - a scroll of remove curse
 q - 4 scrolls of enchant armour {unknown}
 u - a scroll of fog {unknown}
 w - a scroll of enchant weapon
 y - a scroll of amnesia
Potions
 d - a potion of heal wounds {unknown}
 g - 2 potions of brilliance
 j - a potion of ambrosia {unknown}
 l - a potion of degeneration {unknown}
 p - a potion of haste {unknown}
 v - 3 potions of lignification {unknown}
Comestibles
 e - 2 bread rations
 f - 5 meat rations
 r - a beef jerky
 t - 7 chunks of flesh


   Skills:
 - Level 4.0 Fighting
 + Level 4.3 Polearms
 - Level 1.0 Throwing
 + Level 3.1 Armour
 - Level 2.3 Dodging
 - Level 1.0 Stealth
   Level 1.0 Shields
 - Level 1.0 Unarmed Combat


You had 5 spell levels left.
You didn't know any spells.

Dungeon Overview and Level Annotations

Branches:
Dungeon (7/15)
 Temple: D:4-7

Altars:

Annotations:
D:4 Juudaz's ghost, amateur DECj


Message History

2 wargs and 2 orcs come into view.
The warg howls!
The orc shouts!
The warg howls!
The orc shouts!
The orc hits you with a short sword.
Found 24 gold pieces.
The orc shouts!
The orc hits you with a short sword.
The orc throws a tomahawk.
The tomahawk hits you but does no damage.
There is a huge open gate here.
You see here a tomahawk.
Read which item? (? for menu, Esc to quit)
Okay, then.
A warg comes into view.
The warg howls!
The warg bites you! The warg barely misses you.
Found a sapphire potion.
The orc throws a tomahawk.
The tomahawk closely misses you. The warg bites you but does no damage.
The warg bites you!
* * * LOW HITPOINT WARNING * * *
The warg bites you!
You die...

########################
o.....#....#...........#
.....o'....'........).[+
..o...#o...#........)..#
#######'(o'#############
...............
≈≈≈≈≈≈ho.o≈≈≈≈≈
≈≈≈≈≈≈h...≈≈≈≈≈
≈≈≈≈o≈.@..≈h≈≈≈
...$........$..
#.####..####### #. #.##
#. .! ##


You could see 3 wargs, an orc warrior and 4 orcs.

Vanquished Creatures
  A scorpion (D:3)
  2 orc priests
  A worker ant (D:4)
  3 gnolls (D:3)
  An adder (D:4)
  An ooze (D:3)
  A worm (D:2)
  2 giant geckos
  8 orcs
  A ball python (D:3)
  2 giant cockroaches
  6 goblins
  8 hobgoblins
  8 jackals
  A ball python skeleton (D:4)
  7 bats
  3 giant newts
  9 kobolds
  10 rats
75 creatures vanquished.

Notes
Turn   | Place    | Note
--------------------------------------------------------------
     0 | D:1      | Snowclone the Human Wanderer began the quest for the Orb.
     0 | D:1      | Snowclone set off with: a +2 spear, a potion of curing, a scroll of teleportation, a +0 robe, a bread ration
     0 | D:1      | Reached XP level 1. HP: 19/19 MP: 1/1
   193 | D:1      | Reached XP level 2. HP: 25/25 MP: 2/2
   352 | D:1      | Reached XP level 3. HP: 27/30 MP: 3/3
  1444 | D:3      | Noticed a scorpion
  1474 | D:2      | Reached XP level 4. HP: 37/37 MP: 4/4
  1671 | D:3      | Reached skill level 1 in Armour
  1971 | D:3      | Reached XP level 5. HP: 27/42 MP: 5/5
  2441 | D:3      | Upgraded the game from 0.17-b1-20-g63edfd6 to 0.17-b1-25-g6d8775f
  2681 | D:3      | Killed a scorpion
  2681 | D:3      | Reached XP level 6. HP: 20/48 MP: 6/6
  2884 | D:4      | Noticed Juudaz's ghost (amateur DECj)
  2962 | D:4      | You fall through a shaft for 3 floors!
  3018 | D:7      | Noticed an orc warrior
  3020 | D:7      | Noticed a warg
  3020 | D:7      | Noticed a warg
  3023 | D:7      | Noticed a warg
  3025 | D:7      | Mangled by a warg

Action                   |  1- 3 |  4- 6 || total
-------------------------+-------+-------++-------
Melee: Spear             |   115 |   133 ||   248
  Use: Scroll            |     7 |     1 ||     8
       Potion            |       |     1 ||     1
 Stab: Sleeping          |     2 |       ||     2
  Eat: Chunk             |     2 |     1 ||     3
       Bread ration      |       |     2 ||     2
